Cogmind - Beta 15 @@@ ROGUE MODE // 2025.06.17 @ 04:51:31 Player: Peregrine Result: Destroyed by J4-X87(R) with Subdweller Beam Cannon Performance ------------- Evolutions (0) 0 Regions Visited (3) 600 Robots Destroyed (24) 120 Value Destroyed (614) 614 Prototype IDs (1) 20 Alien Tech Used (0) 0 Bonus (-18) -18 TOTAL SCORE: 1336 Bonus ------- Follower Combat Kills 7 Friendly Fire -25 Cogmind --------- Core Integrity 0/250 Matter 284/300 Energy 160/160 System Corruption 0% Temperature Cool (21) Movement Walking (190) Ox1 Location -10/Subcaves Parts ------- > --- POWER (1) -------- Light Nuclear Core > --- PROPULSION (2) --- Aluminum Leg Aluminum Leg > --- UTILITY (2) ------ Medium Storage Unit Subdweller Optics > --- WEAPON (2) ------- Subdweller Laser Battle Rifle > --- INVENTORY (10) --- Humpback Structural Scanner Particle Gun Makeshift Spear Scrap Shield Fragment (41) Peak State ------------ > --- POWER ------------ Light Angular Momentum Engine > --- PROPULSION ------- Aluminum Leg Carbon-fiber Leg > --- UTILITY ---------- Medium Storage Unit Structural Scanner > --- WEAPON ----------- Subdweller Machine Gun Makeshift Spear > --- INVENTORY -------- Light Nuclear Core Aluminum Leg Improved Heat Sink Machine Analyzer Scrap Shield Particle Gun Assault Rifle Battle Rifle Shrapnel Trap [Rating: 19] Favorites ----------- Power Light Ion Engine Engine Light Ion Engine Power Core Light Nuclear Core Propulsion Aluminum Leg Leg Aluminum Leg Wheel Wheel Utility Medium Storage Unit Device Structural Scanner Storage Medium Storage Unit Processor Visual Processing Unit Protection Scrap Shield Weapon EM Shotgun Energy Gun EM Shotgun Ballistic Gun Subdweller Machine Gun Launcher Rocket Launcher Piercing Weapon Makeshift Spear Build | -11 -10 -10 -10 ------- Run | Yrd Mat Min Sub Slots Evolved . | . . . . Power . | . . . . Propulsion . | . . . . Utility . | . . . . Weapon . | . . . . Parts Attached 27 | . 8 3 16 Power 4 | . 2 . 2 Engine 3 | . 2 . 1 Core 1 | . . . 1 Reactor . | . . . . Propulsion 5 | . . 2 3 Treads . | . . . . Leg 3 | . . . 3 Wheel 2 | . . 2 . Hover . | . . . . Flight . | . . . . Utility 8 | . 3 1 4 Device 3 | . 1 1 1 Storage 1 | . 1 . . Processor 3 | . 1 . 2 Hackware . | . . . . Protection 1 | . . . 1 Artifact . | . . . . Weapon 10 | . 3 . 7 Energy Gun 4 | . 2 . 2 Energy Cannon . | . . . . Ballistic Gun 4 | . 1 . 3 Ballistic Cannon . | . . . . Launcher 1 | . . . 1 Special Weapon . | . . . . Impact Weapon . | . . . . Slashing Weapon . | . . . . Piercing Weapon 1 | . . . 1 Special Melee Weapon . | . . . . Unidentified Prototypes 1 | . . 1 . Parts Lost 6 | . . . 6 Power 1 | . . . 1 Propulsion 1 | . . . 1 Utility 1 | . . . 1 Weapon 3 | . . . 3 Highest Loss Streak 4 | . . . 4 To Critical Strikes . | . . . . Average Backups 7 | 6 7 8 6 Power . | 1 1 1 . Propulsion 1 | 4 2 1 . Utility 3 | . 1 3 3 Weapon 2 | 1 2 2 2 Tool/Special . | . . . . Unused Backups 15 | . 9 2 4 Power . | . . . . Propulsion 4 | . 4 . . Utility 5 | . 1 . 4 Weapon 6 | . 4 2 . Tool/Special . | . . . . Average Slot Usage (%) 95 | . 96 99 93 Engine 10 | . 14 14 7 Core 3 | . . . 6 Leg 25 | . 28 21 26 Wheel 2 | . . 7 . Device 9 | . 7 13 7 Storage 11 | . 14 14 8 Protection 2 | . . . 5 Energy Gun 14 | . 7 28 9 Ballistic Gun 8 | . 20 . 10 Launcher 1 | . . . 2 Piercing Weapon 3 | . . . 6 Peak Build Rating 19 | 6 9 16 19 Average Rating 13 | 6 7 11 15 On Entrance 7 | 6 6 9 10 Naked Turns . | . . . . Heaviest Build 29 | 10 20 27 29 Greatest Support 25 | 20 20 20 25 Greatest Overweight (x) 2 | . . 1 2 Average Overweight (x) . | . . . . Largest Inventory Capacity 10 | 8 10 10 10 Average Capacity 8 | 8 9 10 8 Most Carried 10 | 6 10 10 10 Average Carried 7 | 6 7 8 6 Final Capacity 10 | 8 10 10 10 Final Carried 9 | 6 9 8 6 Class Distribution -------------------- 68% | Mutant 31% | Scavenger-Mutant Dominant Class ---------------- Mutant | -10/Materials Mutant | -10/Mines Scavenger-Mutant | -10/Subcaves Resources | -11 -10 -10 -10 ----------- Run | Yrd Mat Min Sub Matter Collected 895 | 200 172 40 483 Remotely . | . . . . Salvage Created 712 | . 198 151 363 Parts 47 | . 9 13 25 Haulers Intercepted 1 | . 1 . . Recyclers Shooed . | . . . . Parts Field Recycled . | . . . . Retrieved Matter . | . . . . Parts Self-Destructed 21 | . . . 21 Prevented . | . . . . Kills | -11 -10 -10 -10 ------- Run | Yrd Mat Min Sub Combat Hostiles Destroyed 20 | . 3 5 12 Melee 1 | . . . 1 Guns 14 | . 3 5 6 AOE 5 | . . . 5 Classes Destroyed 7 | . 3 1 3 Hauler 1 | . 1 . . Turret 1 | . . . 1 Watcher 1 | . 1 . . Swarmer 8 | . . 3 5 Grunt 6 | . 3 2 1 Artisan 1 | . . . 1 Subdweller 7 | . . . 7 Best Kill Streak 5 | . 2 3 5 Combat Bots Only 5 | . 1 3 5 Max Kills in Single Turn 3 | . 1 1 3 Gunslinging . | . . . . Exploded 3 | . . . 3 Melee 1 | . . . 1 Uniques/NPCs Destroyed . | . . . . Combat | -11 -10 -10 -10 -------- Run | Yrd Mat Min Sub Hostile Shots Fired 124 | . 22 12 90 Missed 38 | . 6 2 30 Hits 86 | . 16 10 60 Projectile 86 | . 16 10 60 Critical Strikes 4 | . 1 2 1 Damage Taken 1408 | . 237 114 1057 Core 274 | . 74 15 185 Absorbed by Shields . | . . . . Core Remaining (%) 100 | 100 . . . Volleys Fired 87 | . 28 10 49 Largest 2 | . 2 2 2 Hottest 98 | . 90 90 98 Shots Fired 168 | . 56 20 92 Gun 155 | . 56 20 79 Cannon . | . . . . Launcher 13 | . . . 13 Special . | . . . . Kinetic 89 | . 48 . 41 Thermal 35 | . . . 35 Explosive 13 | . . . 13 Electromagnetic 31 | . 8 20 3 Robot Hit Streak 20 | . 13 9 20 Robot Miss Streak 4 | . 3 4 3 Penetration Max . | . . . . Secondary Targets . | . . . . Shots Hit Robots 106 | . 43 12 51 Core Hits 51 | . 13 10 28 Critical Kills . | . . . . Critical Parts Destroyed . | . . . . Critical Strikes . | . . . . Melee Attacks 29 | . . . 29 Impact . | . . . . Slashing . | . . . . Piercing 29 | . . . 29 Sneak Attacks 2 | . . . 2 Combat Hostiles . | . . . . Follow-up Attacks . | . . . . Damage Inflicted 2111 | . 460 153 1498 Guns 1345 | . 457 153 735 Cannons . | . . . . Explosions 629 | . . . 629 Melee 134 | . . . 134 Ramming 3 | . 3 . . Kinetic 767 | . 366 . 401 Thermal 318 | . . . 318 Explosive 629 | . . . 629 Electromagnetic 260 | . 91 153 16 Impact . | . . . . Slashing . | . . . . Piercing 134 | . . . 134 Highest Corruption . | . . . . Average Corruption . | . . . . Corruption Purged . | . . . . Corruption Blocked . | . . . . Overload Shots . | . . . . Overflow Damage 63 | . . . 63 Projectiles . | . . . . Explosions 38 | . . . 38 Melee 25 | . . . 25 Knockbacks . | . . . . Impact . | . . . . Kinetic . | . . . . Secondary . | . . . . Self-Inflicted Damage 136 | . . . 136 Shots 4 | . . . 4 Rammed . | . . . . Targets Rammed 1 | . 1 . . Kicked 1 | . 1 . . Crushed . | . . . . Highest Temperature 184 | . 66 184 16 Average Temperature 36 | . 18 71 8 Received Heat Transfer 501 | . 150 90 261 Siege Activations . | . . . . Martial Activations . | . . . . Shielding Activations . | . . . . Robots Disrupted . | . . . . Combat Hostiles . | . . . . Robots Corrupted . | . . . . Combat Hostiles . | . . . . Parts Fried . | . . . . Impact Corruptions . | . . . . Robots Melted . | . . . . Combat Hostiles . | . . . . Parts Melted 2 | . . . 2 Heat Transferred 375 | . . . 375 Parts Sabotaged . | . . . . Parts Stolen . | . . . . Parts Stripped . | . . . . Power Chain Reactions . | . . . . Alert | -11 -10 -10 -10 ------- Run | Yrd Mat Min Sub Maximum Alert Level . | . . . . Low Security (%) 100 | 100 100 100 . Level 1 . | . . . . Level 2 . | . . . . Level 3 . | . . . . Level 4 . | . . . . Level 5 . | . . . . High Security . | . . . . Max Security . | . . . . Peak Influence 81 | . 35 81 . Initial 3 | . . 3 . Average 10 | . 7 12 . Influence Increases 459 | . 114 146 199 Destroy 0b10 Robot/C 320 | . 60 100 160 Destroy 0b10 Robot/NC 10 | . 10 . . Destroy Leader 44 | . 14 20 10 Allied During Kill 25 | . . 11 14 Disable Machine 15 | . . 15 . Lose Combat Pursuer 45 | . 30 . 15 Influence Decreases 459 | . 104 156 199 Entered New Map 7 | . . 7 . Time Decay 382 | . 104 149 129 Lost Part 50 | . . . 50 Lost Ally 20 | . . . 20 Squads Dispatched . | . . . . Investigation . | . . . . Extermination . | . . . . Reinforcement . | . . . . Assault . | . . . . Garrison . | . . . . Intercept . | . . . . Searches Triggered . | . . . . Construction Impeded . | . . . . Haulers Reinforced . | . . . . Active Scanning Responses . | . . . . Cargo Convoy Interrupts . | . . . . Stealth | -11 -10 -10 -10 --------- Run | Yrd Mat Min Sub Distress Signals 1 | . 1 . . Communications Jammed . | . . . . Distress Signals . | . . . . Times Spotted 32 | . 6 5 21 Peak Tracking Total 6 | . 2 3 6 Tactical Retreats 4 | . 2 . 2 Traps | -11 -10 -10 -10 ------- Run | Yrd Mat Min Sub Traps Triggered 1 | . . . 1 Indirectly . | . . . . Trap Hack Attempts . | . . . . Triggered . | . . . . Disarmed . | . . . . Reprogrammed . | . . . . Reused . | . . . . Traps Extracted . | . . . . Installed . | . . . . Triggered . | . . . . Machines | -11 -10 -10 -10 ---------- Run | Yrd Mat Min Sub Machines Disabled 4 | . . 1 3 Max in Single Turn 2 | . . 1 2 Machines Repaired . | . . . . Machines Dismantled . | . . . . Machines Sabotaged . | . . . . Overloaded Fab Kills . | . . . . Hacking | -11 -10 -10 -10 --------- Run | Yrd Mat Min Sub Machines Accessed 2 | . 1 1 . Terminals 1 | . 1 . . Fabricators . | . . . . Repair Stations . | . . . . Recycling Units . | . . . . Scanalyzers . | . . . . Garrison Access . | . . . . Total Hacks 4 | . 3 1 . Successful 1 | . . 1 . Failed 3 | . 3 . . Catastrophic . | . . . . Database Lockouts . | . . . . Manual 3 | . 3 . . Terminals 3 | . 3 . . Fabricators . | . . . . Repair Stations . | . . . . Recycling Units . | . . . . Scanalyzers . | . . . . Garrison Access . | . . . . Terminal Hacks 1 | . . 1 . Open Door 1 | . . 1 . Fabricator Hacks . | . . . . Repair Station Hacks . | . . . . Recycling Unit Hacks . | . . . . Scanalyzer . | . . . . Garrison Access Hacks . | . . . . Unauthorized Hacks . | . . . . Terminals . | . . . . Fabricators . | . . . . Repair Stations . | . . . . Recycling Units . | . . . . Scanalyzers . | . . . . Garrison Access . | . . . . Data Cores Recovered . | . . . . Used . | . . . . Hacking Detections 1 | . 1 . . Full Trace Events . | . . . . Feedback Events . | . . . . Feedback Blocked . | . . . . Robot Schematics Acquired . | . . . . Robots Built . | . . . . Authchips . | . . . . Time . | . . . . Total Robot Build Rating . | . . . . Part Schematics Acquired . | . . . . Parts Built . | . . . . Authchips . | . . . . Time . | . . . . Total Part Build Rating . | . . . . Parts Repaired . | . . . . Time . | . . . . Parts Recycled . | . . . . Recycled Matter . | . . . . Retrieved Matter . | . . . . Retrieved Components . | . . . . Parts Scanalyzed . | . . . . Part Schematics Acquired . | . . . . Parts Damaged . | . . . . Bothacking | -11 -10 -10 -10 ------------ Run | Yrd Mat Min Sub Used RIF Installer . | . . . . Robots Hacked . | . . . . Non-combat . | . . . . Combat . | . . . . Robot Hacks Applied . | . . . . Relay Couplers Released . | . . . . Fabnet Peak Effective % . | . . . . Robots Rewired . | . . . . Allies Hacked . | . . . . Hacks Repelled . | . . . . Allies | -11 -10 -10 -10 -------- Run | Yrd Mat Min Sub Total Allies 4 | . . 4 . Largest Group 4 | . . 4 4 Highest-Rated Group 71 | . . 71 71 Highest-Rated Ally 31 | . . 31 31 Total Orders . | . . . . Ally Attacks 30 | . . . 30 Total Damage 248 | . . . 248 Kills 2 | . . . 2 Allies Corrupted . | . . . . Allies Melted . | . . . . Intel | -11 -10 -10 -10 ------- Run | Yrd Mat Min Sub Active Infowar (turns) 1714 | . 296 563 855 Optics 129 | . 81 . 48 Structural 1584 | . 215 563 806 Machine Analysis 1 | . . . 1 Robot Analysis Total . | . . . . Derelict Logs Recovered 2 | . . 1 1 Drone Launches 6 | . . 6 . Drone Recoveries . | . . . . Exploration | -11 -10 -10 -10 ------------- Run | Yrd Mat Min Sub Turns Passed 2740 | 5 385 812 1538 Spaces Moved 1398 | 5 190 508 695 Core . | . . . . Treads . | . . . . Legs 1243 | 5 190 370 678 Wheels 155 | . . 138 17 Hover . | . . . . Flight . | . . . . Fastest Speed 80 | 120 120 80 80 Average Speed 146 | 120 120 111 180 Slowest Speed 190 | 120 120 190 190 Overloaded Moves . | . . . . Propulsion Burnouts . | . . . . Robots Hopped . | . . . . Potential Cave-ins . | . . . . Cave-ins Triggered . | . . . . Exploration Rate (%) 41 | 2 28 89 47 Regions Visited 3 Branch Regions 2 Pre-discovered Areas 1 | . . 1 . Known Exits Taken . | . . . . Unknown Exits Taken 3 | 1 1 1 . Scrap Searched 3 | . . 1 2 Spaces Dug 8 | . . . 8 Terrain Destroyed 84 | . . . 84 Melee . | . . . . Projectile . | . . . . AOE 84 | . . . 84 Terrain Rammed . | . . . . Walls Destroyed . | . . . . Machines Disabled . | . . . . Actions | -11 -10 -10 -10 --------- Run | Yrd Mat Min Sub Total 1890 | 4 295 731 860 Wait 266 | . 52 190 24 Move 1395 | 4 189 507 695 Hop . | . . . . Pick Up 33 | . 11 2 20 Fast Attach . | . . . . Attach 14 | . 1 1 12 Detach 1 | . . 1 . Swap 26 | . 7 6 13 Drop 24 | . 6 3 15 Fire 87 | . 28 10 49 Melee 29 | . . . 29 Ram . | . . . . Kick 1 | . 1 . . Crush . | . . . . Escape Stasis . | . . . . Rewire 11 | . . 11 . Trap . | . . . . Miscellaneous 3 | . . . 3 Route ------- -11/Scrapyard -10/Materials (discovered 2 exits: [*Mat] / *Min) -10/Mines (discovered 3 exits: [*Mat x2] / [*Sub]) -10/Subcaves (discovered 3 exits: *Mat x2 / [*Rec]) History --------- Turn | Location | Event 1 | -11/Scrapyard | Discovered new exit (range 2) 6 | -11/Scrapyard | Entered Materials 56 | -10/Materials | Discovered new exit (range 6) 262 | -10/Materials | Discovered new exit (range 10) 306 | -10/Materials | Build established: Mutant 391 | -10/Materials | Entered Mines 428 | -10/Mines | Discovered new exit (range 7) 434 | -10/Mines | Assisted by bots powering up and referring to "LRC-V3" 466 | -10/Mines | Received a Rocket Launcher from a helpful Derelict 526 | -10/Mines | Found a hidden stash of uninstalled traps 844 | -10/Mines | Discovered new exit (range 14) 859 | -10/Mines | Found the Drone Emporium 865 | -10/Mines | Found Prototype Device 866 | -10/Mines | Identified Splice Drone Bay 1109 | -10/Mines | Received a Mining Laser from a helpful Derelict 1169 | -10/Mines | Discovered new exit (range 11) 1203 | -10/Mines | Entered Subcaves 1203 | -10/Subcaves | Accompanied by 4 allies 1204 | -10/Subcaves | Approached by a straggling Scientist 1209 | -10/Subcaves | Discovered new exit (range 13) 1250 | -10/Subcaves | Lost 4 parts (1p1n2w) 1258 | -10/Subcaves | Lost 4 allies 1348 | -10/Subcaves | Identified exit to Materials 1382 | -10/Subcaves | Core integrity fell below 50% 1575 | -10/Subcaves | Build established: Scavenger-Mutant 1604 | -10/Subcaves | A swath of the cavern ceiling suddenly collapsed 1689 | -10/Subcaves | Shifting Twisted Machinery released Mak. Spear 1690 | -10/Subcaves | Shifting Twisted Machinery released Battle Rifle 2122 | -10/Subcaves | A swath of the cavern ceiling suddenly collapsed 2311 | -10/Subcaves | Discovered exit to Materials (range 13) 2379 | -10/Subcaves | Build established: Mutant 2409 | -10/Subcaves | Core integrity fell below 20% 2741 | -10/Subcaves | Destroyed by J4-X87(R) with Subdweller Beam Cannon Last Messages --------------- 02334_ Acquired 18 matter. 02336_ Acquired 10 matter. 02382_ Acquired 16 matter. 02404_ Subatomizers dissect the Multitool. 02406_ L7-DL9(R): "LEAVESUB!" 02418_ Subatomizers dissect the Multitool. 02458_ L7-DL9(R) destroyed. 02461_ Acquired 27 matter. 02465_ Scrap Shield Fragment affixed to Scrap Shield (+49). 02663_ Critical hit (Destroy). 02664_ Sub. Power Source melted. 02664_ Sub. Laser melted. 02664_ W0-FLH(R) destroyed. 02666_ Scrap Shield destroyed. 02670_ JK-LJY(R) affixes Scrap Shield Fragment to Scrap Shield. 02678_ JK-LJY(R) destroyed. 02681_ Acquired 25 matter. 02686_ Acquired Humpback. 02687_ Acquired 10 matter. 02692_ Acquired Sub. Optics. Map ----- +----------------------------------------------------+ | ???????????????????????????????????????? | | ???????????????????????????????????????? | | ???????????????????????????????????????? | | ???????????????????????????????????????? | | ???????????????????????????????????????? | | ???????????????????????????????????????? | | ???????????????????????????????????????? | | ???????????????????????????????????????? | | ???????????????????????????????????????? | | ???????????????????????????????????????? | | ???????????????????????????????????????? | | ???????????????????????????????????????? | | ???????????????????????????????????????? | | ???????????????????????? ??????????????? | | ??????????????????????? ???????????????? | | ??????????????????????? ???????????????? | | ?????????????????????? ???????????????? | | ?????????????????????? ????????????????? | | ?????????????????????? ????????????????? | | ?????????????????????? ????????????????? | | ????????????????????? #????????????????? | | ???????????????###??? #????????????????? | | ??????????????## ##?? #????????????????? | | ?????????#??### ### ##???????????????? | | ?????????# #$;< #???????????????? | | ??????????# &R @ #????###???? ??? | | ?????????#$&<#;< #?## ### ??? | | ?????????????# ### ?? | | ?????????????#### ### ? | | ????????????????# # ? | | ????????????????## #???????? | | ????????????????# ####?????????? | | ???????????????## #????????????? | | ???????????????# # #????????????? | | ???????????????# ##????????????? | | ??????????????## ##?????????????? | | ??????????????# ### #??????????????? | | ??????????????# ##?# #??????????????? | | ??????????????# ##?####??????????????? | | ??????????????# #????????####???????? | | ??????????????# #?????#### #???????? | | ??????????????# #???### #???????? | | ??????????????# ##### ] #????????? | | ??????????????# # ## ##???????? | | ??????????????# %& ### ##??????? | | ??????????????## [ %=! ##?# #??????? | | ???????????????### *## ##??# #??????? | | ?????????????????#######???# ##??????? | | ?????????????????????####### ##??????? | | ????????????????????## ## #??????? | +----------------------------------------------------+ Best States ------------- Heat Dissipation 25 Energy Generation 18 Energy Capacity 250 Matter Stores 300 Matter Capacity 300 Sight Range 21 Terrain Scan Density 10 Armor Coverage 800 Evasion (%) 55 Targeting Accuracy 5 Item Schematics ----------------- None Robot Schematics ------------------ None Fabricated ------------ Nothing Repaired ---------- Nothing Alien Tech Used ----------------- None Achievements -------------- None Challenges ------------ None Game ------ Seed WarpLightningGravjet Manual? 0 Play Time 00:21:09 Cumulative 108.4 hours Start 2025.06.17 @ 03:55:54 End 2025.06.17 @ 04:51:31 Sessions 1 Manual Loads 0 Difficulty Rogue Special Mode None Game No. 135 Rogue 120 Adventurer 15 Explorer 0 Win Type - Total 2 Types 1/0/1/0/0/0/0/0/0/0 Lore% 28 Gallery% 57 Achievement% 52 Wizard Run 0 Options --------- Layout 0 ASCII 0 Keyboard 0 Movement Mouse Keybinds 0 Fullscreen 2 Font 36/Smallcaps Map View 76x50 Zoom Use 0% Tactical HUD 1 Map Filters NONE Filters NONE Steam 1 RUN: 7bb15cb2-3206-473f-9216-fd1526e78965